 Dungeon Crawl Stone Soup version 0.29.1-2-gbd0b4ee654 (webtiles) character file.

Game seed: 11419934891835752826

259 anonymouscript the Magician (level 6, -8/42 HPs)
             Began as a Djinni Fire Elementalist on Nov 21, 2022.
             Mangled by Blork the orc
             ... wielding a +0 glaive
              (15 damage)
             ... on level 4 of the Dungeon.
             The game lasted 00:13:24 (4132 turns).

anonymouscript the Magician (DjFE)                  Turns: 4132, Time: 00:13:24

Health: -8/42      AC:  2    Str: 13    XL:     6   Next: 40%
Gold:   156        EV: 13    Int: 16    God:
                   SH:  0    Dex: 12

rFire   + + .      SeeInvis +   m - +4 short sword
rCold   x . .      Faith    .   (no shield)
rNeg    . . .      Spirit   .   a - +0 robe
rPois   ∞          Reflect  .   (no helmet)
rElec   +          Harm     .   (no cloak)
rCorr   .          Rampage  .   (no gloves)
Will    .....                   (boots unavailable)
Stlth   ++........              (no amulet)
HPRegen 0.14/turn               t - ring of see invisible
MPRegen 0.00/turn               (no ring)

@: flying, studying Short Blades, invisible
A: sickness immunity, fire resistance 2, cold vulnerability 1, float, innate
caster, HP casting, extra vitality 1, screaming 1, electricity resistance,
strong 1
a: no special abilities


You were on level 4 of the Dungeon.
You visited 1 branch of the dungeon, and saw 4 of its levels.

You collected 156 gold pieces.

Inventory:

Hand Weapons
 l - a +0 dagger
 m - a +4 short sword (weapon)
Armour
 a - a +0 robe (worn)
Jewellery
 t - a ring of see invisible (left hand)
Wands
 y - a wand of paralysis (2)
 z - a wand of mindburst (21)
Scrolls
 d - 3 scrolls of identify {unknown}
 e - 2 scrolls of magic mapping {unknown}
 g - a scroll of butterflies {unknown}
 h - a scroll of enchant weapon {unknown}
 k - a scroll of silence {unknown}
 n - a scroll of brand weapon {unknown}
 p - a scroll of enchant armour {unknown}
 s - 2 scrolls of teleportation {unknown}
 u - a scroll of immolation {unknown}
Potions
 b - a potion of attraction {unknown}
 c - a potion of flight {unknown}
 f - 2 potions of mutation
 i - a potion of degeneration {unknown}
 j - a potion of invisibility
 o - a potion of haste
 q - a potion of cancellation {unknown}
 r - a potion of lignification {unknown}
 v - a potion of magic {unknown}
 w - a potion of resistance {unknown}
 x - a potion of brilliance {unknown}


   Skills:
 + Level 1.4 Fighting
 + Level 2.0 Short Blades
 + Level 3.4 Dodging
 + Level 2.6 Stealth
 + Level 3.9 Spellcasting


You couldn't memorise any spells.
You knew the following spells:

 Your Spells              Type           Power      Damage    Failure   Level
a - Foxfire               Conj/Fire      60%        2x1d7     3%          1
b - Scorch                Fire           30%        2d7       4%          2
c - Conjure Flame         Conj/Fire      15%        6-21      10%         3
d - Inner Flame           Hex/Fire       15%        N/A       10%         3
e - Flame Wave            Conj/Fire      15%        2d7       32%         4
f - Necrotise             Necr           60%        1d7       3%          1
g - Passwall              Tmut/Erth      12%        N/A       4%          2
Your spell library was empty.

Dungeon Overview and Level Annotations

Branches:
Dungeon (4/15)
 Temple: D:4-7

Altars:
Wu Jian

Annotations:
D:3 2 runed translucent doors, Xeneth's ghost, amateur BaFi
D:4 2 runed translucent doors, Blork the orc


Innate Abilities, Weirdness & Mutations

You are immune to sickness and miasma.
You are immune to poison.
Your flesh is very heat resistant. (rF++)
You are vulnerable to cold. (rC-)
You float through the air rather than walking.
You learn spells naturally, not from books.
Your magical power is your life essence.
You have superior vitality. (+4 MHP)
You occasionally shout uncontrollably at your foes.
You are resistant to electric shocks. (rElec)
Your muscles are strong. (Str +4, Int/Dex -1)


Message History

Crazy Yiuf hits you with a +2 quarterstaff of chaos!
Crazy Yiuf burns you.
You hit Crazy Yiuf.
Flame seeps out of Crazy Yiuf.
Crazy Yiuf is lightly wounded.
Crazy Yiuf is engulfed in blazing flames.
Flame seeps out of Crazy Yiuf.
Crazy Yiuf hits you with a +2 quarterstaff of chaos!
* * * LOW HITPOINT WARNING * * *
Crazy Yiuf is engulfed in blazing flames.
Crazy Yiuf explodes!
Your Short Blades skill increases to level 2!
You start resting.
Blork the orc is nearby!
Really fly into that cloud of flame?
Okay, then.
It was a potion of invisibility.
You fade into invisibility!
Blork the orc misses you.
You puncture Blork the orc!
Blork the orc is heavily wounded.
Blork the orc misses you.
You closely miss Blork the orc.
Blork the orc is heavily wounded.
Blork the orc closely misses you.
You hit Blork the orc.
Blork the orc is heavily wounded.
Blork the orc misses you.
You hit Blork the orc.
Blork the orc is heavily wounded.
Blork the orc screams, "I'll cover the dungeon with your blood!"
Blork the orc points at you and mumbles some strange words.
The puff of flame hits you. You resist.
* * * LOW HITPOINT WARNING * * *
You puncture Blork the orc!
Blork the orc is almost dead.
Blork the orc barely misses you.
You barely miss Blork the orc.
Blork the orc is almost dead.
Blork the orc hits you with a +0 glaive!
You die...

##### #)..#
#...# ...
#'# #)##
##@# #o##
##.# ##.##
##...# #
#....# ####
#....# +...
######....#
#
#........##
#


You could see Blork the orc (unable to see you).

Vanquished Creatures
  A scorpion (D:4)
  The ghost of superradish the Sneak, a weakling OpBr (D:4)
  Crazy Yiuf (D:4)
  Ijyb (D:4)
  3 adders
  2 worms
  2 dart slugs
  An orc (D:3)
  2 endoplasms
  5 hobgoblins (D:1)
  4 jackals
  14 kobolds
  3 quokkas
  12 ball pythons
  6 bats
  7 frilled lizards
  6 goblins
  5 rats
76 creatures vanquished.

Vanquished Creatures (others)
  139 foxfires
139 creatures vanquished.

Grand Total: 215 creatures vanquished

Notes
Turn   | Place    | Note
-------+----------+-------------------------------------------
     0 | D:1      | anonymouscript the Djinni Fire Elementalist began the quest
                  | for the Orb.
     0 | D:1      | anonymouscript set off with the following spells memorised:
                  | Foxfire, Scorch, Conjure Flame, Inner Flame, Flame Wave.
     0 | D:1      | Reached XP level 1. HP: 15/15 MP: 0/0
   125 | D:1      | Reached XP level 2. HP: 14/21 MP: 0/0
   575 | D:1      | Reached XP level 3. HP: 20/25 MP: 0/0
   575 | D:1      | Learned a level 1 spell: Necrotise
  1507 | D:2      | Reached XP level 4. HP: 29/31 MP: 0/0
  1559 | D:2      | Found a faded altar of an unknown god.
  2630 | D:3      | Found an ornate altar of the Wu Jian Council.
  2691 | D:3      | Reached XP level 5. HP: 12/36 MP: 0/0
  2691 | D:3      | Learned a level 2 spell: Passwall
  2981 | D:3      | Found a runed translucent door.
  2984 | D:3      | Noticed Xeneth's ghost (amateur BaFi)
  2985 | D:3      | Noticed a bullfrog
  3165 | D:3      | Found a runed translucent door.
  3324 | D:3      | Reached skill level 1 in Short Blades
  3412 | D:4      | Found a runed translucent door.
  3418 | D:4      | Noticed superradish's ghost (weakling OpBr)
  3444 | D:4      | Killed superradish's ghost
  3535 | D:4      | Noticed Ijyb
  3544 | D:4      | Killed Ijyb
  3545 | D:4      | Reached skill level 1 in Fighting
  3591 | D:4      | Reached XP level 6. HP: 19/42 MP: 0/0
  3766 | D:4      | Found a large runed translucent door.
  3767 | D:4      | Found a large runed translucent door.
  3853 | D:4      | Noticed Blork the orc
  3857 | D:4      | Gained mutation: You occasionally shout uncontrollably at
                  | your foes. [potion of mutation]
  3857 | D:4      | Gained mutation: You are resistant to electric shocks.
                  | (rElec) [potion of mutation]
  3857 | D:4      | Gained mutation: Your muscles are strong. (Str +4, Int/Dex
                  | -1) [potion of mutation]
  3887 | D:4      | Found a runed translucent door.
  3888 | D:4      | Noticed Crazy Yiuf
  4116 | D:4      | Killed Crazy Yiuf
  4132 | D:4      | Mangled by Blork the orc

Illustrated notes

Levels and vault maps discovered:
D:1:      amcnicky_arrival_gap_in_the_tavern_cellar, layout_rooms
D:2:      layout_rooms, ebering_ecumenical_altar_hall
D:3:      layout_loops_ring, general_overflow_altar, ebering_ghost_sewer_f
D:4:      layout_loops_corners, jmf_multi_god_temple2, lemuel_round_altar,
          ebering_ghost_reflecting_pool, eino_small_chamber_without_monster,
          saegor_snake_ambush, uniq_ijyb, uniq_blork_the_orc,
          uniq_crazy_yiuf_cottage

Skill      XL: |  1  2  3  4  5  6 |
---------------+-------------------+-----
Spellcasting   | 3 |  3.9
Stealth        | 2 |  2.6
Short Blades   | 1 2 |  2.0
Dodging        | 3 |  3.4
Fighting       | 1 |  1.4

Action                   |  1- 3 |  4- 6 || total
-------------------------+-------+-------++-------
Melee: Short sword       |     8 |    93 ||   101
       Dagger            |     6 |       ||     6
       Punch             |       |     1 ||     1
 Cast: Foxfire           |    54 |    28 ||    82
       Necrotise         |     4 |     3 ||     7
       Conjure Flame     |       |     2 ||     2
       Scorch            |       |     2 ||     2
       Inner Flame       |       |     1 ||     1
  Use: Potion            |       |     3 ||     3
 Stab: Distracted        |     1 |     1 ||     2
       Sleeping          |       |     3 ||     3
Armor: Robe              |     6 |    17 ||    23
Dodge: Dodged            |    16 |    63 ||    79
